 Dungeon Crawl Stone Soup version 0.31-a0-870-g10ed682358 (webtiles) character file.

Game seed: 4514351884652547269

935 IcyTea the Tainter (level 7, 0/50 HPs)
             Began as a Yellow Draconian Venom Mage on Oct 12, 2023.
             Was a Priest of Lugonu.
             Slain by an ogre
             ... wielding a +0 giant club
              (9 damage)
             ... on level 6 of the Dungeon.
             The game lasted 00:14:24 (4347 turns).

IcyTea the Tainter (Yellow Draconian Venom Mage)    Turns: 4347, Time: 00:14:25

Health: 0/50       AC: 11    Str: 11    XL:     7   Next: 87%
Magic:  6/11       EV: 12    Int: 17    God:    Lugonu [***...]
Gold:   297        SH:  0    Dex: 11    Spells: 4/12 levels left

rFire   . . .        y - +0 spear (venom)
rCold   + . .        (no shield)
rNeg    + . .        (body armour unavailable)
rPois   .            s - +1 hat
rElec   .            (no cloak)
rCorr   +            G - +2 pair of gloves of the Endless Expanse {Harm rN+}
SInv    .            E - +0 pair of boots
Will    .....        x - amulet of regeneration
Stlth   ++           v - ring of protection from cold
HPRegen 1.08/turn    (no ring)
MPRegen 0.12/turn

%: harm (+30% outgoing, +20% incoming)
@: no status effects
A: spit acid, AC +6, unfitting armour, cold-blooded, acid resistance
a: Breathe Acid, Renounce Religion, Depart the Abyss, Banish


You were on level 6 of the Dungeon.
You worshipped Lugonu.
Lugonu was most pleased with you.
You visited 1 branch of the dungeon, and saw 7 of its levels.

You collected 297 gold pieces.

Inventory:

Hand Weapons
 f - a +1 dagger of pain
 y - a +0 spear of venom (weapon)
Armour
 e - a +0 pair of gloves
 s - a +1 hat (worn)
 E - a +0 pair of boots (worn)
 G - the +2 pair of gloves of the Endless Expanse (worn) {Harm rN+}
   (You found it on level 6 of the Dungeon)

   rN+:       It protects you from negative energy.
   Harm:      It increases damage dealt and taken.
Magical Staves
 h - a staff of fire
Jewellery
 v - a ring of protection from cold (left hand)
 x - an amulet of regeneration (around neck)
Wands
 i - a wand of paralysis (3)
 F - a wand of digging (3)
Scrolls
 g - a scroll of vulnerability
 k - 4 scrolls of immolation
 l - 2 scrolls of fog {unknown}
 p - a scroll of torment {unknown}
 r - a scroll of fear {unknown}
 t - 2 scrolls of revelation {unknown}
 u - 2 scrolls of noise {unknown}
 w - a scroll of butterflies
 B - a scroll of amnesia {unknown}
 C - 2 scrolls of enchant armour {unknown}
 D - a scroll of enchant weapon {unknown}
Potions
 a - a potion of magic
 b - 4 potions of mutation
 c - a potion of haste
 d - 2 potions of brilliance
 j - 2 potions of curing
 m - 2 potions of enlightenment {unknown}
 n - 3 potions of might {unknown}
 o - a potion of heal wounds {unknown}
 q - a potion of berserk rage {unknown}
 z - 2 potions of cancellation {unknown}
 A - a potion of degeneration {unknown}


   Skills:
 - Level 1.7 Dodging
 - Level 1.7 Stealth
 - Level 3.2 Spellcasting
 - Level 1.0 Transmutations
 + Level 9.1 Poison Magic


You had 4 spell levels left.
You knew the following spells:

 Your Spells              Type           Power      Damage    Failure   Level
a - Sting                 Tmut/Pois      80%        1d7       2%          1
b - Mephitic Cloud        Conj/Pois/Air  13%        N/A       14%         3
c - Olgreb's Toxic Radia  Pois           33%        N/A       4%          4

Your spell library contained the following spells:

 Spells                   Type           Power      Damage    Failure   Level
 Poisonous Vapours        Pois/Air       36%        N/A       4%          2


Dungeon Overview and Level Annotations

Branches:
Dungeon (7/15)
 Temple: D:4-7

Altars:
Lugonu


Innate Abilities, Weirdness & Mutations

You can spit globs of acid.
Your golden yellow scales are hard. (AC +6)
You cannot fit into any form of body armour.
You are cold-blooded and may be slowed by cold attacks.
You are resistant to acid. (rCorr)


Message History

m - 2 fizzy golden potions (gained 1)
There is an open door here.
A hound comes into view.
You drop a blade talisman.
Found a pair of warped gloves.
Found 15 gold pieces.
You see here the +2 pair of gloves of the Endless Expanse {Harm rN+}.
G - the +2 pair of gloves of the Endless Expanse {Harm rN+} You start removing your armour.
You continue taking off your +0 pair of gloves. x4
You finish taking off your +0 pair of gloves.
You start putting on your armour.
You continue putting on the +2 pair of gloves of the Endless Expanse {Harm rN+}. x5
You finish putting on the +2 pair of gloves of the Endless Expanse {Harm rN+}.
An ogre comes into view. It is wielding a +0 giant club.
The ogre shouts!
You see here 15 gold pieces.
Aiming: Sting (safe; 2% risk of failure)
Press: ? - help, Q - select action, (/) - cycle Shift-Dir - straight line, f - ogre
Aim: an ogre, wielding a +0 giant club (89% to hit)
The sting hits the ogre.
The ogre is poisoned.
The ogre is moderately wounded.
You hit the ogre but do no damage.
The ogre looks even sicker.
The ogre is moderately wounded.
The ogre hits you with a +0 giant club!
You hit the ogre but do no damage.
The ogre looks as sick as possible!
The ogre is moderately wounded.
The ogre hits you with a +0 giant club!
Casting: Sting (safe; 2% risk of failure)
Confirm with . or Enter, or press ? or * to list all spells.
You begin to radiate toxic energy.
The ogre looks as sick as possible!
The ogre looks as sick as possible!
The ogre attacks as it pursues you!
The ogre hits you with a +0 giant club!!
* * * LOW HITPOINT WARNING * * *
You hit the ogre.
The ogre is severely wounded.
The ogre looks as sick as possible!
Your toxic aura wanes.
The ogre hits you with a +0 giant club!
You die...

..#.. ..##....# #
.....
#.##....##.###.
.....
#.##...........
....##.##....##.####
...#.##....# ..
#.#......## ...
#.......## #.
#.$..O.## #....@.#
#.....## #.##### #.
#. #. #.


You could see an ogre (extremely poisoned).

Vanquished Creatures
  Menkaure (D:4)
  A black bear (D:5)
  An orc warrior (D:6)
  A bullfrog (D:4)
  2 scorpions
  2 orc priests (D:5)
  2 hounds
  An iguana (D:6)
  3 orc wizards
  3 gnolls (D:4)
  6 adders
  A white imp (D:6)
  2 worms
  10 dart slugs
  10 orcs
  7 endoplasms
  3 giant cockroaches
  8 hobgoblins
  9 jackals
  4 quokkas
  8 ball pythons
  4 bats
  A frilled lizard (D:1)
  10 goblins
  7 kobolds
  3 rats
110 creatures vanquished.

Vanquished Creatures (others)
  An orc wizard (D:3)
1 creature vanquished.

Grand Total: 111 creatures vanquished

Notes
Turn   | Place    | Note
-------+----------+-------------------------------------------
     0 | D:1      | IcyTea the Draconian Venom Mage began the quest for the
                  | Orb.
     0 | D:1      | Reached XP level 1. HP: 14/14 MP: 3/3
   179 | D:1      | Reached XP level 2. HP: 20/20 MP: 3/5
   464 | D:1      | Reached skill level 4 in Poison Magic
   650 | D:1      | Reached XP level 3. HP: 25/26 MP: 4/6
  1075 | D:2      | Found a faded altar of an unknown god.
  1112 | D:2      | Prayed at the altar of an unknown god.
  1112 | D:2      | Became a worshipper of Lugonu the Unformed
  1112 | D:2      | Reached * piety under Lugonu
  1362 | D:2      | Learned a level 3 spell: Mephitic Cloud
  1864 | D:3      | Reached XP level 4. HP: 33/33 MP: 7/7
  1889 | D:3      | Reached skill level 5 in Poison Magic
  2071 | D:3      | Reached ** piety under Lugonu
  2771 | D:4      | Reached XP level 5. HP: 30/38 MP: 8/8
  2795 | D:4      | Learned a level 4 spell: Olgreb's Toxic Radiance
  2842 | D:4      | Noticed Menkaure
  2856 | D:4      | Killed Menkaure
  2857 | D:4      | Reached skill level 6 in Poison Magic
  2857 | D:4      | Reached XP level 6. HP: 16/45 MP: 9/9
  3053 | D:4      | You fall into a shaft and drop 3 floors!
  3067 | D:5      | Entered Level 5 of the Dungeon
  3070 | D:5      | Reached skill level 7 in Poison Magic
  3686 | D:5      | Reached skill level 8 in Poison Magic
  3686 | D:5      | Your scales start taking on a golden yellow colour.
  3686 | D:5      | Reached XP level 7. HP: 45/50 MP: 6/10
  3686 | D:5      | Gained mutation: You are resistant to acid. (rCorr) [Yellow
                  | Draconian growth]
  4222 | D:6      | Reached *** piety under Lugonu
  4224 | D:6      | Reached skill level 9 in Poison Magic
  4321 | D:6      | Identified the +2 pair of gloves of the Endless Expanse
                  | {Harm rN+}
  4347 | D:6      | Slain by an ogre

Illustrated notes

Levels and vault maps discovered:
D:1:      dpeg_arrival_connections, layout_basic
D:2:      minmay_wonky_spiral, layout_basic, dreamdust_ecumenical_altar_statues
D:3:      layout_loops_cross
D:4:      kennysheep_slugbush, layout_gridville, uniq_menkaure
D:5:      layout_cave_pools
D:6:      layout_basic, riverfiend_overflow_shadow_ancestor, temple_hall,
          serial_curves, eino_curves_03, eino_curves_04
D:7:      layout_rooms, tso_metal_star

Skill      XL: |  1  2  3  4  5  6  7 |
---------------+----------------------+-----
Poison Magic   | 4 5 6 8 9 |  9.1
Spellcasting   | 3 |  3.2
Dodging        | |  1.7
Stealth        | |  1.7
Transmutations | |  1.0

Action                     |  1- 3 |  4- 6 |  7- 9 || total
---------------------------+-------+-------+-------++-------
  Melee: Unarmed           |    44 |       |       ||    44
         Tailslap          |    13 |    21 |    12 ||    46
         Dagger            |    28 |       |       ||    28
         Short sword       |    76 |       |       ||    76
         Trident           |    13 |   128 |       ||   141
         Punch             |     1 |     1 |       ||     2
         Spear             |       |    28 |    38 ||    66
   Cast: Sting             |    33 |    15 |     1 ||    49
         Olgreb's Toxic Ra |       |     3 |     8 ||    11
  Evoke: Wand              |       |     4 |       ||     4
    Use: Scroll            |       |     6 |     1 ||     7
   Stab: Sleeping          |     2 |     1 |       ||     3
         Paralysed         |       |     5 |       ||     5
 Armour: Skin              |    95 |   109 |    41 ||   245
  Dodge: Dodged            |   126 |    94 |    22 ||   242

Table legend: (Time is in decaauts)
 A = Elapsed time spent in this place.
 B = Non-inter-level travel time spent in this place.
 C = Inter-level travel time spent in this place.
 D = Time resting spent in this place.
 E = Time spent auto-exploring this place.
 F = Levels seen in this place.
 G = Mean time per level.
                   A        B        C        D        E       F      G
               +--------+--------+--------+--------+--------+-----+--------+
         Total |   4403 |   4266 |    137 |    458 |   2226 |   7 |  629.0 |
       Dungeon |   4403 |   4266 |    137 |    458 |   2226 |   7 |  629.0 |
               +--------+--------+--------+--------+--------+-----+--------+

Top non-repeatable levels by time:
     D:3: 1007 daAuts
     D:1: 960 daAuts
     D:4: 785 daAuts
     D:2: 771 daAuts
     D:5: 560 daAuts
     D:6: 307 daAuts
     D:7: 9 daAuts
